 Dungeon Crawl Stone Soup version 0.27-a0-1193-g8631133539 (webtiles) character file.

Game seed: 7034372967406390428

131 quinnr the Stinger (level 5, -1/33 HPs)
             Began as an Octopode Venom Mage on May 27, 2021.
             Slain by a phantom (8 damage)
             ... on level 3 of the Dungeon.
             The game lasted 00:12:33 (2861 turns).

quinnr the Stinger (Octopode Venom Mage)            Turns: 2861, Time: 00:12:33

Health: -1/33      AC:  1    Str:  4 (7)  XL:     5   Next: 14%
Magic:  1/9        EV: 13    Int: 24 (25) God:
Gold:   80         SH:  0    Dex:  9 (12) Spells: 2/9 levels left

rFire    . . .     SeeInvis .   k - +6 dagger
rCold    . . .     Faith    .   (no shield)
rNeg     . . .     Spirit   .   (helmet restricted)
rPois    .         Reflect  .   (no amulet)
rElec    .         Harm     .   b - +6 ring of intelligence
rCorr    .         Rampage  .   (no ring)
Will     .....                  (no ring)
Stlth    +++.......             (no ring)
HPRegen  0.11/turn              (no ring)
MPRegen  0.11/turn              (no ring)
                                (no ring)
                                (no ring)

@: no status effects
A: almost no armour, amphibious, 8 rings, camouflage 1, gelatinous body 1,
(nimble swimmer 1), tentacles
a: no special abilities


You were on level 3 of the Dungeon.
You visited 1 branch of the dungeon, and saw 3 of its levels.

You collected 80 gold pieces.

Inventory:

Hand Weapons
 k - a +6 dagger (weapon)
 n - a +0 club
Missiles
 h - 46 stones (quivered)
 j - 29 sling bullets
Jewellery
 b - a +6 ring of intelligence (left tentacle)
Wands
 l - a wand of iceblast (11)
Scrolls
 a - 2 scrolls of fear {unknown}
 c - a scroll of teleportation {unknown}
 e - 3 scrolls of enchant armour {unknown}
 f - a scroll of magic mapping {unknown}
 i - a scroll of identify {unknown}
 m - a scroll of enchant weapon {unknown}
Potions
 g - 3 potions of curing {unknown}


   Skills:
 - Level 1.0 Fighting
 - Level 1.2 Short Blades
 - Level 2.0 Dodging
 - Level 3.6 Stealth
 - Level 0.7 Unarmed Combat
 + Level 2.7 Spellcasting
 + Level 0.6 Conjurations
 - Level 2.0 Transmutations
 + Level 0.8 Fire Magic
 - Level 1.2 Air Magic
 - Level 3.8 Poison Magic


You had 2 spell levels left.
You knew the following spells:

 Your Spells              Type           Power      Damage    Failure   Level
a - Sting                 Tmut/Pois      68%        1d6       3%          1
b - Mephitic Cloud        Conj/Pois/Air  12%        N/A       16%         3
c - Ignite Poison         Fire/Tmut/Pois 14%        N/A       13%         3

Your spell library contained the following spells:

 Spells                   Type           Power      Damage    Failure   Level
 Poisonous Vapours        Pois/Air       30%        N/A       6%          2
 Olgreb's Toxic Radiance  Pois           21%        N/A       22%         4


Dungeon Overview and Level Annotations

Branches:
Dungeon (3/15)

Altars:


Innate Abilities, Weirdness & Mutations

You cannot wear most types of armour.
You are amphibious.
You can wear up to eight rings at the same time.
Your skin changes colour to match your surroundings (Stealth+).
Your rubbery body absorbs attacks. (AC +1, EV +1)
((You are camouflaged near water. (Stealth+)))
You have tentacles for arms and can constrict up to eight enemies at once.


Message History

Unknown command.
Unknown command.
Unknown command.
Casting: Mephitic Cloud (quite dangerous; 14% risk of failure)
Confirm with . or Enter, or press ? or * to list all spells.
You don't have enough magic to cast this spell.
You hit the kobold but do no damage. You grab the kobold.
You constrict the kobold. The kobold hits you with a +0 dagger.
The phantom hits you.
Casting: Mephitic Cloud (quite dangerous; 14% risk of failure)
Confirm with . or Enter, or press ? or * to list all spells.
Aiming: Sting (safe; 3% risk of failure)
Press: ? - help, Shift-Dir - straight line, f - kobold
Aim: a kobold, wielding a +0 dagger (moderately wounded, constricted by you, 98% to hit)
The sting hits the kobold.
The kobold is poisoned.
You kill the kobold!
A bat comes into view.
The bat hits you but does no damage. The phantom barely misses you.
Casting: Sting (safe; 3% risk of failure)
Confirm with . or Enter, or press ? or * to list all spells.
Aiming: Sting (safe; 3% risk of failure)
Press: ? - help, Shift-Dir - straight line, f - phantom
Aim: a phantom (noxious fumes, severely damaged, 64% to hit)
The sting hits the phantom.
The phantom partially resists.
The phantom is severely damaged.
The bat hits you. The phantom hits you!
* * * LOW HITPOINT WARNING * * *
Casting: Sting (safe; 3% risk of failure)
Confirm with . or Enter, or press ? or * to list all spells.
You don't have enough magic to cast this spell.
Unknown command.
The bat hits you but does no damage. The bat hits you.
* * * LOW HITPOINT WARNING * * *
Unknown command.
It was a potion of degeneration.
There was something very wrong with that liquid.
You feel weakened.
You feel dopey.
You feel clumsy. The phantom hits you!
You die...

...... #
#..... ## .#
#.....
.##.###
#.....
.......
#..... ....#
......###).#
# #.W...#.#
#@#...#.###
###.#.......)
#.........###
#.#..........
#(##......$..
#.###.##.....
#........#..#
#..##.####..#
#.[#.........


You could see a phantom.

Vanquished Creatures
  A hound (D:3)
  Robin (D:2)
  3 adders (D:2)
  2 orcs (D:3)
  2 bats (D:1)
  5 endoplasms (D:1)
  6 giant cockroaches
  9 hobgoblins
  6 kobolds
  A quokka (D:1)
  8 ball pythons
  A frilled lizard (D:2)
  9 goblins (D:2)
  5 rats
59 creatures vanquished.

Vanquished Creatures (others)
  4 toadstools (D:1)
4 creatures vanquished.

Grand Total: 63 creatures vanquished

Notes
Turn   | Place    | Note
-------+----------+-------------------------------------------
     0 | D:1      | quinnr the Octopode Venom Mage began the quest for the Orb.
     0 | D:1      | Reached XP level 1. HP: 11/11 MP: 3/3
   218 | D:1      | Reached XP level 2. HP: 18/18 MP: 1/5
   428 | D:1      | Found a faded altar of an unknown god.
   498 | D:1      | Reached skill level 1 in Fighting
  1002 | D:1      | Reached XP level 3. HP: 23/23 MP: 4/6
  1113 | D:1      | quinnr: ??throwing
  1113 | D:1      | beem: throwing[1/1]: Throw a {stone}, {boomerang},
                  | {javelin}, or {large rock} at a target to damage them, or
                  | throw a {dart} to debuff them. See {ammunition} for the
                  | base damage of various throwing items. Throwing delay is
                  | based on the object being thrown and is is lowered by 1 AUT
                  | per two levels of skill. Thrown ammo of these types can
                  | mulch; see {mulching} for mulch rates.
  1113 | D:1      | quinnr: ??ammunition
  1113 | D:1      | beem: ammunition[1/1]: Damage: stones 2, sling bullets
                  | 4(only when used in a sling, don't throw), tomahawks 6,
                  | javelins 10, large rocks 20. Other ammo has no base damage.
  1595 | D:2      | Learned a level 3 spell: Mephitic Cloud
  2108 | D:2      | Noticed Robin
  2291 | D:2      | Killed Robin
  2292 | D:2      | Reached XP level 4. HP: 28/28 MP: 2/7
  2307 | D:2      | Reached skill level 1 in Short Blades
  2310 | D:2      | Reached skill level 1 in Air Magic
  2803 | D:3      | Noticed a phantom
  2806 | D:2      | quinnr: phantom??
  2806 | D:2      | beem: A ghost that is the same sort of bastard blinker as
                  | an imp. Has more AC and hits harder, but can't use weapons
                  | or armour.
  2806 | D:2      | quinnr: phantom[2??
  2806 | D:2      | quinnr: @?phantom
  2806 | D:2      | beem: phantom (W)
                  | Spd:
    10 | HD: 7    | HP: 31-47
                  | AC/EV:
                  | 3/13
                  | Dam: 10(blink self)
                  | undead, doors, evil, fly,
                  | unbreathing
                  | Res: magic(40), cold++, poison+++, drown,
                  | miasma, neg+++, torm, napalm
                  | Vul: holy
                  | XP:
   124 | Sp:      | blink [!sil]
                  | Sz: Medium
                  | Int: human.
  2810 | D:2      | Learned a level 3 spell: Ignite Poison
  2850 | D:3      | Reached XP level 5. HP: 29/33 MP: 4/9
  2861 | D:3      | Slain by a phantom

Illustrated notes

Levels and vault maps discovered:
D:1:      ldierk_water_garden, layout_loops_ring,
          hellmonk_ecumenical_altar_zigzags,
          hangedman_abyss_or_decor_lesser_grid, solitary_fountain,
          minmay_worlds_worst_comb
D:2:      layout_rooms, uniq_robin
D:3:      layout_basic, nicolae_yredelemnul_ghost_church, st_stairs_7

Skill      XL: |  1  2  3  4 |
---------------+-------------+-----
Transmutations | 2 |  2.0
Fighting       | 1 |  1.0
Stealth        | 3 |  3.6
Short Blades   | 1 |  1.2
Air Magic      | 1 |  1.2
Dodging        | |  2.0
Unarmed Combat | |  0.7
Spellcasting   | |  2.7
Conjurations   | |  0.6
Fire Magic     | |  0.8
Poison Magic   | |  3.8

Action                   |  1- 3 |  4- 6 || total
-------------------------+-------+-------++-------
Melee: Unarmed           |    31 |       ||    31
       Tentacles         |     3 |     2 ||     5
       Constrict         |    10 |     4 ||    14
       Dagger            |    14 |    22 ||    36
Throw: Stone             |    18 |       ||    18
 Cast: Sting             |    52 |    13 ||    65
       Mephitic Cloud    |     4 |     4 ||     8
  Use: Potion            |       |     1 ||     1
 Stab: Sleeping          |     1 |       ||     1
       Confused          |       |     2 ||     2
Armor: Skin              |     9 |     2 ||    11
Dodge: Dodged            |    27 |    18 ||    45

Table legend: (Time is in decaauts)
 A = Elapsed time spent in this place.
 B = Non-inter-level travel time spent in this place.
 C = Inter-level travel time spent in this place.
 D = Time resting spent in this place.
 E = Time spent auto-exploring this place.
 F = Levels seen in this place.
 G = Mean time per level.
                   A        B        C        D        E       F      G
               +--------+--------+--------+--------+--------+-----+--------+
         Total |   2867 |   2736 |    131 |    749 |   1487 |   3 |  955.7 |
       Dungeon |   2867 |   2736 |    131 |    749 |   1487 |   3 |  955.7 |
               +--------+--------+--------+--------+--------+-----+--------+

Top non-repeatable levels by time:
     D:1: 1457 daAuts
     D:2: 1339 daAuts
     D:3: 71 daAuts
